 Dungeon Crawl Stone Soup version 0.27-a0-277-g024f7ef292 (webtiles) character file.

Game seed: 9585537769012970285

800 Borgoz the Cudgeller (level 7, -1/44 HPs)
             Began as a Gargoyle Gladiator on Feb 6, 2021.
             Slain by an unseen horror (7 damage)
             ... on level 6 of the Dungeon.
             The game lasted 00:06:42 (6687 turns).

Borgoz the Cudgeller (Gargoyle Gladiator)           Turns: 6687, Time: 00:06:42

Health: -1/44      AC: 13    Str: 17    XL:     7   Next: 90%
Magic:  7/7        EV: 13    Int:  9    God:
Gold:   323        SH:  0    Dex: 13    Spells: 6/6 levels left

rFire    + . .     SeeInvis .   a - +0 flail
rCold    . . .     Faith    .   (no shield)
rNeg     + . .     Spirit   .   n - +1 leather armour {rF+}
rPois    ∞         Reflect  .   c - +0 helmet
rElec    +         Harm     .   d - +0 cloak
rCorr    .         Rampage  .   i - +0 pair of gloves
Will     .....                  (no boots)
Stlth    +.........             (no amulet)
HPRegen  0.14/turn              (no ring)
MPRegen  0.10/turn              (no ring)

@: no status effects
A: negative energy resistance 1, electricity resistance, unbreathing,
petrification resistance, miasma immunity, AC +4
a: no special abilities


You were on level 6 of the Dungeon.
You visited 1 branch of the dungeon, and saw 6 of its levels.

You collected 323 gold pieces.

Inventory:

Hand Weapons
 a - a +0 flail (weapon)
Armour
 c - a +0 helmet (worn)
 d - a +0 cloak (worn)
 i - a +0 pair of gloves (worn)
 n - a +1 leather armour of fire resistance (worn)
Jewellery
 r - an uncursed ring of fire
Scrolls
 e - 2 scrolls of teleportation
 f - a scroll of remove curse
 l - 3 scrolls of enchant armour
 o - a scroll of immolation {unknown}
 q - a scroll of blinking
Potions
 g - a potion of resistance
 h - a potion of cancellation {unknown}
 j - a potion of haste
 k - a potion of ambrosia
 p - a potion of brilliance


   Skills:
 + Level 5.1 Fighting
 + Level 5.1 Maces & Flails
 - Level 1.7 Throwing
 + Level 4.4 Armour
 + Level 4.3 Dodging


You had 6 spell levels left.
You didn't know any spells.
Your spell library was empty.

Dungeon Overview and Level Annotations

Branches:
Dungeon (6/15)
 Temple: D:4-7

Altars:
Trog


Innate Abilities, Weirdness & Mutations

You are resistant to torment.
Your stone body is resilient. (AC +4)
You are immune to poison.
You resist negative energy. (rN+)
You are resistant to electric shocks. (rElec)
You can survive without breathing.
You are immune to petrification.
You are immune to miasma.


Message History

You closely miss something. Something hits you.
Something hits you but does no damage. Something hits you but does no damage.
Something hits you.
You hit something. Something hits you but does no damage.
Something hits you. x2
You swing at nothing.
Something hits you.
You swing at nothing.
Something hits you but does no damage.
You sock something!
Something hits you but does no damage. x2
You barely miss something.
Something hits you but does no damage. x2
You aren't carrying any items that you can evoke.
You closely miss something. Something hits you but does no damage.
Something hits you.
You thump something! Something hits you.
* * * LOW HITPOINT WARNING * * *
Something hits you.
* * * LOW HITPOINT WARNING * * *
Something hits you but does no damage.
You barely miss something. Something hits you.
* * * LOW HITPOINT WARNING * * *
Something hits you!
You die...

#.......#.##.#####.
#..##..............
#..##.#.###...#####
#..##.####.....#
#.....# ##...##
####.#### ##.##
#.......# #.#
#.##{##.# #.# # #@#
# ##+## #.# ##...##
..# ##.....## .#.#
##.......## .....
#...†.....## #. ...
+....†....+. #. ...
#..<......## #
.#.## ##.......##
##.....##


There were no monsters in sight!

Vanquished Creatures
  An orc warrior (D:6)
  An ogre (D:4)
  A centaur (D:5)
  A scorpion (D:6)
  A wight (D:6)
  Crazy Yiuf (D:5)
  A hound (D:4)
  An orc priest (D:4)
  2 iguanas
  An orc wizard (D:6)
  3 worker ants
  11 adders
  A shadow imp (D:6)
  An ufetubus (D:5)
  An ooze (D:5)
  3 worms
  4 dart slugs
  4 leopard geckos
  7 orcs
  3 giant cockroaches (D:1)
  7 goblins
  5 hobgoblins
  4 quokkas
  2 ball pythons
  5 bats
  5 frilled lizards
  9 kobolds
  11 rats
97 creatures vanquished.

Notes
Turn   | Place    | Note
-------+----------+-------------------------------------------
     0 | D:1      | Borgoz the Gargoyle Gladiator began the quest for the Orb.
     0 | D:1      | Reached XP level 1. HP: 12/12 MP: 1/1
     2 | D:1      | Noticed a gargoyle
     2 | D:1      | Noticed a demonspawn
     4 | D:1      | Noticed a halfling
     4 | D:1      | Noticed a troll
     6 | D:1      | Noticed a tengu
     6 | D:1      | Noticed a demigod
     8 | D:1      | Noticed a merfolk
     8 | D:1      | Noticed a centaur
    10 | D:1      | Noticed a spriggan
    10 | D:1      | Noticed a vampire
    12 | D:1      | Noticed a naga
    14 | D:1      | Noticed a minotaur
    16 | D:1      | Noticed a dwarf
    18 | D:1      | Noticed a human
    20 | D:1      | Noticed a formicid
    20 | D:1      | Noticed a felid
    22 | D:1      | Noticed a vine stalker
    22 | D:1      | Noticed an elf
    24 | D:1      | Noticed an octopode
    24 | D:1      | Noticed a draconian
    26 | D:1      | Noticed a ghoul
    26 | D:1      | Noticed an ogre
   271 | D:1      | Reached XP level 2. HP: 18/18 MP: 2/2
   417 | D:1      | Reached skill level 1 in Armour
   968 | D:2      | Reached XP level 3. HP: 2/22 MP: 3/3
  1451 | D:2      | Reached XP level 4. HP: 27/28 MP: 4/4
  2368 | D:3      | Reached XP level 5. HP: 28/32 MP: 5/5
  2744 | D:3      | Found a bloodstained altar of Trog.
  3633 | D:4      | Reached XP level 6. HP: 26/38 MP: 6/6
  4805 | D:5      | Entered Level 5 of the Dungeon
  5084 | D:5      | Reached XP level 7. HP: 35/44 MP: 7/7
  5382 | D:5      | Found a runed translucent door.
  5383 | D:5      | Noticed Crazy Yiuf
  5503 | D:5      | Noticed a moth of wrath
  5507 | D:5      | Found a bloodstained altar of Trog.
  6027 | D:5      | Killed Crazy Yiuf
  6371 | D:6      | Reached skill level 5 in Maces & Flails
  6377 | D:6      | Reached skill level 5 in Fighting
  6687 | D:6      | Slain by an unseen horror

Illustrated notes

Levels and vault maps discovered:
D:1:      kb_arrival_jail, layout_loops_cross
D:2:      layout_loops_cross, dk_noncrumbling_3
D:3:      layout_loops_cross, serial_glass, glass_columns_a, glass_columns_b,
          glass_columns_b, glass_columns_c, glass_columns_b, glass_columns_a,
          glass_columns_c, glass_columns_b, due_unseen_surprise,
          minmay_strange_pillars, trog_butcher_becter
D:4:      layout_rooms
D:5:      layout_loops_corners, tgw_trog, uniq_crazy_yiuf_cottage
D:6:      minmay_evil_eye, layout_loops_corners, kennysheep_little_box

Skill      XL: |  1  2  3  4  5  6  7 |
---------------+----------------------+-----
Armour         | 1 2 3 4 |  4.4
Fighting       | 3 4 5 |  5.1
Dodging        | 3 4 |  4.3
Maces & Flails | 4 5 |  5.1
Throwing       | |  1.7

Action                   |  1- 3 |  4- 6 |  7- 9 || total
-------------------------+-------+-------+-------++-------
Melee: Flail             |    93 |   259 |   116 ||   468
Throw: Throwing net      |     3 |     3 |     1 ||     7
  Use: Scroll            |       |     6 |     4 ||    10
       Potion            |       |       |     2 ||     2
 Stab: Held in net/web   |       |     1 |     1 ||     2
Armor: Leather armour    |    42 |   117 |    63 ||   222
Dodge: Dodged            |    68 |   212 |    71 ||   351

Table legend: (Time is in decaauts)
 A = Elapsed time spent in this place.
 B = Non-inter-level travel time spent in this place.
 C = Inter-level travel time spent in this place.
 D = Time resting spent in this place.
 E = Time spent auto-exploring this place.
 F = Levels seen in this place.
 G = Mean time per level.
                   A        B        C        D        E       F      G
               +--------+--------+--------+--------+--------+-----+--------+
         Total |   6770 |   6520 |    250 |   2053 |   3433 |   6 | 1128.3 |
       Dungeon |   6770 |   6520 |    250 |   2053 |   3433 |   6 | 1128.3 |
               +--------+--------+--------+--------+--------+-----+--------+

Top non-repeatable levels by time:
     D:3: 1774 daAuts
     D:5: 1469 daAuts
     D:4: 1152 daAuts
     D:2: 1070 daAuts
     D:1: 879 daAuts
     D:6: 424 daAuts
